Map: Ascension to Aiur LE

Players

Damos

  • Race: Terran Terran
  • League: Silver
  • Spawn Location: 5:00

Juxtapose - Winner!

  • Race: Terran Terran
  • Spawn Location: 11:00

VOD

https://youtu.be/RvDOV0vg_SM

Description

This was a fun match, as I got to enjoy some good Reaper harass and a nice drop.

Time

  • Played on: May 10, 2017, 9:39 p.m.
  • Length: 9:35
Show
View Real Time Build Order
Export as new Build Order

Damos Terran 

Build Orders:  

Get SALT Encoding   

  12  0:02  SCV  
  13  0:14  SCV  
  14  0:27  SCV  
  15  0:34  Supply Depot  
  15  0:47  Refinery  
  15  0:56  SCV  
  16  0:59  Barracks  
  16  1:08  SCV  
  17  1:20  SCV  
  18  1:32  SCV  
  20  1:49  Orbital Command  
  19  1:55  Supply Depot  
  19  2:10  Marine  
  20  2:28  SCV  
  21  2:40  SCV  
  22  2:47  Command Center  
  22  2:52  Refinery  
  22  2:53  SCV  
  23  2:59  Reaper  
  23  3:05  SCV  
  25  3:09  Barracks  
  25  3:17  SCV  
  26  3:42  SCV  
  27  3:49  Supply Depot  
  27  3:54  SCV  
  28  4:01  Barracks  
  28  4:02  Barracks Tech Lab  
  28  4:06  SCV, Factory  
  28  4:09  Marine  
  28  4:13  Supply Depot  
  20  4:41  SCV  
  21  4:46  Marine  
  21  4:50  Orbital Command  
  22  4:53  SCV  
  22  5:03  Factory Reactor  
  22  5:04  Marine  
  22  5:05  SCV  
  20  5:18  Barracks Reactor, SCV  
  21  5:22  Marine  
  21  5:24  SCV  
  23  5:30  SCV  
  23  5:34  Starport  
  24  5:36  SCV  
  24  5:40  Marine  
  24  5:42  SCV  
  27  5:48  SCV  
  28  5:54  SCV  
  28  5:57  Marine x2, Marauder  
  31  5:58  Marine  
  31  5:59  Combat Shields  
  31  6:00  SCV  
  35  6:07  SCV  
  36  6:12  SCV  
  36  6:13  Widow Mine x2  
  36  6:14  Marine  
  36  6:15  Marine x2  
  36  6:18  Marauder  
  46  6:20  Starport Tech Lab  
  46  6:25  SCV  
  47  6:26  Starport  
  47  6:32  Marine x2  
  47  6:33  Marine  
  47  6:37  SCV  
  47  6:39  Marine  
  52  6:40  SCV  
  52  6:42  Cyclone  
  56  6:49  SCV  
  56  6:52  SCV  
  58  6:54  Command Center  
  58  7:01  SCV  
  59  7:03  Marauder  
  59  7:04  SCV  
  62  7:10  Supply Depot  
  62  7:31  SCV x2, Marine x3, Marauder  
  69  7:38  Supply Depot  
  69  7:43  Supply Depot, SCV  
  70  8:00  Supply Depot, SCV, Marine x3, Marauder, Medivac  
  70  8:04  SCV  
  79  8:12  SCV  
  80  8:14  Orbital Command  
  80  8:17  Marine x3  
  83  8:21  Bunker  
  83  8:22  Marauder  
  83  8:24  Engineering Bay  
  85  8:27  Supply Depot  
  85  8:30  Medivac  
  90  8:35  Marine  
  90  8:37  Medivac  
  90  8:42  SCV x2  
  90  8:43  Marauder  
  90  8:48  Refinery  
  94  8:50  Supply Depot  
  94  8:54  SCV  
  91  9:04  Marauder  
Show
View Real Time Build Order
Export as new Build Order

Juxtapose Terran - Winner!

Build Orders: MMM Bio 

Get SALT Encoding   

  12  0:02  SCV  
  14  0:14  SCV  
  14  0:21  Supply Depot  
  14  0:26  SCV  
  15  0:43  SCV  
  15  0:48  Barracks  
  16  0:54  Refinery  
  16  0:55  SCV  
  17  1:07  SCV  
  18  1:19  Supply Depot, SCV  
  19  1:32  SCV  
  20  1:42  Barracks, Refinery  
  20  1:44  Barracks Reactor, SCV  
  21  2:07  Orbital Command  
  21  2:23  Reaper x2  
  23  2:32  Barracks Tech Lab  
  23  2:36  SCV  
  23  2:46  Supply Depot  
  23  2:48  SCV  
  24  2:54  Reaper, Factory  
  25  3:16  Supply Depot  
  25  3:24  Engineering Bay  
  25  3:36  Stimpack  
  25  3:40  Starport  
  25  3:45  Factory Tech Lab  
  25  3:59  SCV  
  25  4:00  Command Center  
  26  4:11  SCV  
  27  4:29  Marine x3  
  29  4:47  Marine x3  
  29  4:48  Siege Tank  
  35  5:04  Marine  
  35  5:05  Marine  
  35  5:18  Starport Reactor  
  35  5:20  Siege Tank  
  38  5:29  Orbital Command  
  38  5:33  SCV  
  39  5:36  Marine x3, Combat Shields  
  39  5:40  Terran Infantry Weapons Level 1  
  42  5:45  Supply Depot, SCV  
  43  5:53  Siege Tank  
  46  5:57  SCV  
  46  5:59  Medivac  
  49  6:08  SCV  
  49  6:09  SCV  
  51  6:12  Medivac  
  53  6:20  SCV  
  54  6:28  Medivac  
  56  6:37  Marine x2  
  56  6:38  Marine  
  59  6:49  SCV x2  
  61  6:54  Marine, Refinery  
  61  6:55  Refinery  
  61  7:01  SCV  
  63  7:23  Medivac  
  65  7:48  Supply Depot  
  65  8:18  Marine x3  
  68  8:27  SCV  
  69  8:36  Marine x2  
  69  8:39  SCV  
  72  8:51  SCV  
  73  9:02  Marine  
  73  9:03  SCV, Marine x2  
  77  9:15  Supply Depot  
Tags
 
Composition
MMM Bio
League
Silver
Matchup
TvT
Race
Terran
Spawn Locations
Cross Positions
Add a new tag
Caveats
  • Supply blocks, unpowered buildings, or Contaminate may cause inaccurate times.
  • Supply counts are checked every 10 seconds.